 Dungeon Crawl Stone Soup version 0.27-a0-1186-g8b4daa1eef (webtiles) character file.

Game seed: 15584897144484045759

14 freelancePsychic the Sneak (level 2, 0/23 HPs)
             Began as a Vampire Delver on May 19, 2021.
             Hit by a boomerang thrown by an orc (1 damage)
             ... on level 3 of the Dungeon.
             The game lasted 00:02:53 (261 turns).

freelancePsychic the Sneak (Vampire Delver)          Turns: 261, Time: 00:02:54

Health: 0/23       AC:  3    Str: 11    XL:     2   Next: 31%
Magic:  2/2        EV: 12    Int: 12    God:
Gold:   41         SH:  0    Dex: 15    Spells: 1/1 levels left

rFire    . . .     SeeInvis +   a - +0 falchion
rCold    . . .     Faith    .   (no shield)
rNeg     . . .     Spirit   .   h - +0 leather armour
rPois    .         Reflect  .   (no helmet)
rElec    .         Harm     .   (no cloak)
rCorr    .         Rampage  .   (no gloves)
Will     .....                  (no boots)
Stlth    +++.......             (no amulet)
HPRegen  0.27/turn              (no ring)
MPRegen  0.08/turn              (no ring)

@: healing quickly
A: alive, fangs 3, see invisible, vampiric 1
a: Exsanguinate


You were on level 3 of the Dungeon.
You visited 1 branch of the dungeon, and saw 3 of its levels.

You collected 41 gold pieces.

Inventory:

Hand Weapons
 a - a +0 falchion (weapon)
 b - a +0 dagger
Armour
 h - a +0 leather armour (worn)
Wands
 g - a wand of digging (3)
Scrolls
 c - a scroll of fog
 d - a scroll of magic mapping
 e - a scroll of fear
 f - 3 scrolls of identify {unknown}
 j - a scroll of amnesia {unknown}
Potions
 i - a potion of curing {unknown}


   Skills:
 + Level 2.9 Fighting
 + Level 2.3 Long Blades
 - Level 2.2 Dodging
 + Level 7.5 Stealth


You had one spell level left.
You didn't know any spells.
Your spell library contained the following spells:

 Spells                   Type           Power      Damage    Failure   Level
 Magic Dart               Conj           0%         1d3       41%         1
 Searing Ray              Conj           0%         3d3       54%         2
 Dazzling Flash           Conj/Hex       0%         N/A       78%         3
 Fulminant Prism          Conj/Hex       0%         3d6       99%         4
 Iskenderun's Mystic Bla  Conj/Tloc      0%         2d3       99%         4


Dungeon Overview and Level Annotations

Branches:
Dungeon (5/15)
 Temple: D:4-7

Altars:

Annotations:
D:4 1 runed translucent door, Dowan, Duvessa, Grinder


Innate Abilities, Weirdness & Mutations

Your natural rate of healing is accelerated.
You have razor-sharp teeth.
You have supernaturally acute eyesight. (SInv)
You are afflicted with vampirism.


Message History

The adder barely misses you.
You barely miss the adder.
The adder is severely wounded.
The adder completely misses you. The adder bites you.
You are poisoned.
The adder poisons you!
You barely miss the adder.
The adder is severely wounded.
You feel sick. The adder barely misses you. The adder bites you.
You are too injured to fight recklessly!
b - a +0 dagger (weapon)
a - a +0 falchion (weapon)
You feel sick. The adder barely misses you.
You miss the adder.
The adder is severely wounded.
You feel sick.
You are no longer poisoned.
The orc throws a boomerang.
The boomerang misses you. The adder closely misses you. The adder bites you.
You are poisoned.
The adder poisons you!
You closely miss the adder.
The adder is severely wounded.
You feel sick. The adder completely misses you.
The orc throws a boomerang.
The boomerang barely misses you.
You miss the adder.
The adder is severely wounded.
You feel sick. The adder bites you but does no damage.
The orc throws a boomerang.
The boomerang hits you. The adder bites you.
You miss the adder.
The adder is severely wounded.
You feel sick. The adder bites you.
* * * LOW HITPOINT WARNING * * *
* * * LOW HITPOINT WARNING * * *
You feel sick. The adder bites you but does no damage.
* * * LOW HITPOINT WARNING * * *
You feel sick.
You are no longer poisoned.
The orc throws a boomerang.
The boomerang hits you.
You die...

####.###...###.##...#
... #...###.# .....
.. ...#.....##.....
..####........... ..#
#.........##
....##.........#
#..o.........#
#.##.........## #
#.S.@.......
#.....(......##
###.########## #. #.
#.


You could see an adder and an orc.

Vanquished Creatures
  An adder (D:4)
  A bat (D:3)
  A giant cockroach (D:3)
  A goblin (D:4)
  A ball python (D:3)
  A rat (D:3)
6 creatures vanquished.

Notes
Turn   | Place    | Note
-------+----------+-------------------------------------------
     0 | D:5      | freelancePsychic the Vampire Delver began the quest for the
                  | Orb.
     0 | D:5      | Reached XP level 1. HP: 17/17 MP: 1/1
    15 | D:4      | Noticed an iguana
    16 | D:4      | Reached XP level 2. HP: 23/23 MP: 2/2
    63 | D:4      | Noticed Duvessa
    63 | D:4      | Noticed Dowan
    81 | D:4      | Found a runed translucent gate.
   105 | D:4      | Noticed Grinder
   116 | D:4      | Paralysed by Grinder for 5 turns
   261 | D:3      | HP: 1/23 [poisoned by an adder]
   261 | D:3      | Hit by a boomerang thrown by an orc

Illustrated notes

Levels and vault maps discovered:
D:3:      layout_rooms, uniq_terence, uniq_ijyb
D:4:      layout_basic, minmay_temple_entry_poolview,
          gammafunk_ghost_nasty_kobolds, uniq_grinder, uniq_duvessa, uniq_edmund
D:5:      layout_layer_cave, kennysheep_okawaru_gauntlet, minivault_5,
          uniq_sigmund, uniq_eustachio, uniq_menkaure

Action                   || total
-------------------------++-------
Melee: Falchion          ||    14
       Dagger            ||     7
  Use: Potion            ||     1
 Stab: Sleeping          ||     4
Armor: Leather armour    ||     9
Dodge: Dodged            ||    19

Table legend: (Time is in decaauts)
 A = Elapsed time spent in this place.
 B = Non-inter-level travel time spent in this place.
 C = Inter-level travel time spent in this place.
 D = Time resting spent in this place.
 E = Time spent auto-exploring this place.
 F = Levels seen in this place.
 G = Mean time per level.
                   A        B        C        D        E       F      G
               +--------+--------+--------+--------+--------+-----+--------+
         Total |    242 |    242 |      0 |      0 |     90 |   3 |   80.7 |
       Dungeon |    242 |    242 |      0 |      0 |     90 |   3 |   80.7 |
               +--------+--------+--------+--------+--------+-----+--------+

Top non-repeatable levels by time:
     D:3: 121 daAuts
     D:4: 119 daAuts
     D:5: 2 daAuts
